 Dungeon Crawl Stone Soup version 0.24-a0-250-g6074511 (webtiles) character file.

Game seed: 18412513286154494188

3049 Borgoz the Slicer (level 10, -4/61 HPs)
             Began as a Kobold Gladiator on Apr 14, 2019.
             Was a Follower of Ashenzari.
             Slain by an orc warrior
             ... wielding a +0 spear
              (13 damage)
             ... in a bailey.
             The game lasted 00:14:40 (6289 turns).

Borgoz the Slicer (Kobold Gladiator)                Turns: 6289, Time: 00:14:41

Health: -4/61      AC:  8    Str: 14    XL:     10   Next: 11%
Magic:  12/12      EV: 22    Int:  9    God:    Ashenzari [*.....]
Gold:   227        SH:  0    Dex: 18    Spells: 11/12 levels left

rFire    + . .     SeeInvis .   a - +0 dagger (elec)
rCold    + . .     Gourm    .   (shield restricted)
rNeg     . . .     Faith    .   m - +0 ring mail
rPois    .         Spirit   .   c - +0 helmet
rElec    .         Reflect  .   r - scarf {rC+ rF+}
rCorr    .         Harm     .   l - +0 pair of gloves
MR       +....                  (no boots)
Stlth    ++........             (no amulet)
HPRegen  0.20/turn              j - ring of protection from magic
MPRegen  0.13/turn              w - +4 ring of evasion

@: no status effects
A: small, carnivore
a: Curse Item, Scrying, Renounce Religion


You were in a bailey.
You worshipped Ashenzari.
Ashenzari was aware of your devotion.
You were completely stuffed.

You visited 2 branches of the dungeon, and saw 8 of its levels.
You also visited: Ossuary and Bailey.

You collected 467 gold pieces.
You spent 240 gold pieces at shops.

Inventory:

Hand Weapons
 a - a +0 dagger of electrocution (weapon)
 b - a +1 short sword of protection
 d - a +0 rapier
Armour
 c - a +0 helmet (worn)
 l - a +0 pair of gloves (worn)
 m - a +0 ring mail (worn)
 r - a scarf of resistance (worn)
Jewellery
 j - a ring of protection from magic (left hand)
 w - a +4 ring of evasion (right hand)
 y - an uncursed amulet of magic regeneration
 z - an uncursed ring of magical power
Scrolls
 n - 4 scrolls of teleportation
 o - 2 scrolls of remove curse
 p - a scroll of fog
 q - 3 scrolls of identify
 s - a scroll of holy word
 x - a scroll of magic mapping
 B - a scroll of blinking
Potions
 e - 2 potions of agility
 g - 2 potions of brilliance
 h - 3 potions of heal wounds
 i - 2 potions of haste
 k - a potion of curing
 u - 4 potions of mutation
 v - 2 potions of resistance
 A - a potion of ambrosia
Comestibles
 f - 17 rations
 t - 3 chunks of flesh


   Skills:
 + Level 6.8 Fighting
 + Level 10.9 Short Blades
 - Level 2.4 Throwing
 + Level 5.0 Armour
 + Level 7.2 Dodging
 - Level 2.7 Stealth
 + Level 1.8 Spellcasting
 + Level 1.7 Hexes


You had 11 spell levels left.
You knew the following spells:

 Your Spells              Type           Power        Failure   Level  Hunger
a - Confusing Touch       Hex            #.....       32%         1    ##.....

Your spell library contained the following spells:

 Spells                   Type           Power        Failure   Level  Hunger
 Animate Skeleton         Necr           N/A          54%         1    ##.....
 Apportation              Tloc           #.....       54%         1    ##.....
 Summon Small Mammal      Summ           #...         54%         1    ##.....


Dungeon Overview and Level Annotations

Branches:
Dungeon (7/15)             Temple (1/1) D:5

Altars:
Ashenzari
Cheibriados
Dithmenos
Elyvilon
Fedhas
Gozag
Hepliaklqana
Kikubaaqudgha
Makhleb
Nemelex Xobeh
Okawaru
Qazlal
Ru
Sif Muna
Trog
Uskayaw
Vehumet
Wu Jian
Xom
Yredelemnul
Zin
The Shining One

Shops:
D:6 :


Innate Abilities, Weirdness & Mutations

You are small and have problems with some larger weapons.
You are carnivorous and can eat meat at any time.


Message History

Unknown command.
Why would you want to do that?
The orc warrior hits you from afar with a +0 spear!
The orc warrior misses you. The orc warrior closely misses you.
The orc warrior misses you. The orc warrior completely misses you.
The orc warrior hits you from afar with a +0 spear!
The orc warrior closely misses you. The orc warrior misses you.
There are monsters nearby!
The orc warrior hits you from afar with a +0 halberd!
The orc warrior closely misses you.
The orc warrior completely misses you. x2
The orc warrior hits you from afar with a +0 halberd!
The orc warrior barely misses you. The orc warrior completely misses you.
The orc warrior hits you from afar with a +0 halberd!
* * * LOW HITPOINT WARNING * * *
The orc warrior hits you from afar with a +0 spear!
You die...

#.≈.#############'###)#########.≈
#.≈.## ##........)##.....##.≈
#.≈..## +#..§§≈≈≈≈≈..##...##..≈
#.≈≈..## ##..§§§§...≈≈..##.##..≈≈
##.≈≈..# #..≈≈§.§∩⌠..≈≈..#'#.)≈≈.
#∩.≈≈..# #..≈§.§.⌠o.o≈≈..#'#..≈≈.
#.≈≈..## #..§≈.§ooo§§§.'#.##..≈≈
#.≈..## #..≈≈≈≈§§§§.##...##..≈
#.≈.##.$$ #...@§§§..##.....##.≈
#.≈.##### #####+#############.≈
#.≈..##### ##....)))...≈
#.≈≈≈≈≈≈≈####### ##..≈≈≈≈≈≈≈≈≈≈
#.........##).)## ##..≈≈.........
########.##..≈.)###..≈≈..########
####...##...≈≈)....≈≈..##
##∩..#######..≈≈≈≈≈≈≈..## #∩####
##.........##


You could see 5 orc warriors.

Vanquished Creatures
  A hungry ghost (D:7)
  A hornet zombie (D:7)
  3 orc warriors
  2 ice beasts (D:5)
  A necrophage (D:6)
  3 ogres
  A big kobold (D:7)
  4 bullfrogs (D:6)
  A scorpion (D:4)
  5 wights (D:6)
  2 crimson imps
  4 centaur zombies
  5 hounds
  2 jellies (D:6)
  A gnoll shaman (D:4)
  7 orc wizards
  A centaur skeleton (D:5)
  2 orc priests
  3 iguanas
  10 worker ants
  3 big kobold zombies (Ossuary)
  A hound skeleton (D:5)
  6 mummies (Ossuary)
  A worker ant zombie (D:6)
  Robin (D:4)
  5 gnolls (D:4)
  7 adders
  A shadow imp (D:5)
  An adder zombie (D:6)
  An adder skeleton (D:6)
  2 dart slugs
  3 leopard geckos
  37 orcs
  4 giant cockroaches
  7 hobgoblins
  7 jackals
  3 quokkas
  3 bats
  4 frilled lizards
  14 goblins
  3 hobgoblin zombies (Ossuary)
  9 kobolds
  2 rats (D:1)
184 creatures vanquished.

Notes
Turn   | Place    | Note
-------+----------+-------------------------------------------
     0 | D:1      | Borgoz the Kobold Gladiator began the quest for the Orb.
     0 | D:1      | Reached XP level 1. HP: 12/12 MP: 1/1
   181 | D:1      | Reached XP level 2. HP: 6/17 MP: 2/2
   910 | D:2      | Reached XP level 3. HP: 21/21 MP: 3/3
  1167 | D:2      | Found an ornate altar of the Wu Jian Council.
  1690 | D:3      | Reached skill level 5 in Short Blades
  1706 | D:3      | Reached XP level 4. HP: 19/26 MP: 4/4
  1830 | D:3      | Reached skill level 1 in Armour
  1871 | D:3      | Reached skill level 1 in Stealth
  1871 | D:3      | Reached XP level 5. HP: 31/31 MP: 5/5
  2206 | D:4      | Reached skill level 6 in Short Blades
  2225 | D:4      | Reached XP level 6. HP: 35/36 MP: 6/6
  2243 | D:4      | Noticed an ogre
  2272 | D:4      | Killed an ogre
  2288 | D:4      | Reached XP level 7. HP: 19/42 MP: 7/7
  2487 | D:4      | Reached skill level 7 in Short Blades
  2891 | D:4      | Reached skill level 5 in Dodging
  2971 | D:4      | Reached skill level 8 in Short Blades
  3164 | D:4      | Reached XP level 8. HP: 31/48 MP: 8/8
  3427 | D:4      | Found a shattered altar of Ashenzari.
  3433 | D:4      | Became a worshipper of Ashenzari the Shackled
  3665 | D:4      | Noticed Robin
  3695 | D:4      | Killed Robin
  3740 | D:4      | Reached skill level 5 in Fighting
  4020 | D:5      | Entered Level 5 of the Dungeon
  4178 | D:5      | Found a glowing golden altar of the Shining One.
  4247 | D:5      | Reached skill level 9 in Short Blades
  4271 | D:5      | Found a shadowy altar of Dithmenos.
  4283 | D:5      | Found a staircase to the Ecumenical Temple.
  4289 | Temple   | Entered the Ecumenical Temple
  4437 | D:5      | Reached XP level 9. HP: 54/54 MP: 9/9
  4683 | D:6      | Found a sand-covered staircase.
  4751 | Ossuary  | Entered an ossuary
  4894 | Ossuary  | Reached skill level 10 in Short Blades
  5202 | D:6      | Found a burning altar of Makhleb.
  5203 | D:6      | Found a glowing silver altar of Zin.
  5206 | D:6      | Found a hide-covered altar of Uskayaw.
  5252 | D:6      | Reached * piety under Ashenzari
  5433 | D:6      | Found Ogief's Book Emporium.
  5441 | D:6      | Bought a book of Cantrips for 240 gold pieces
  5522 | D:6      | Learned a level 1 spell: Confusing Touch
  5748 | D:7      | Found a shimmering altar of Xom.
  5783 | D:7      | Reached skill level 1 in Spellcasting
  5783 | D:7      | Reached skill level 1 in Hexes
  5793 | D:7      | Reached XP level 10. HP: 48/61 MP: 10/12
  5817 | D:7      | Reached skill level 5 in Armour
  5910 | D:7      | Found a flagged portal.
  5970 | Bailey   | Entered a bailey
  6289 | Bailey   | Slain by an orc warrior

Levels and vault maps discovered:
D:1:      kilobyte_arrival_exit_the_forest, layout_basic,
          minmay_strange_pillars, minmay_misc_feat_encased
D:2:      layout_basic, nicolae_overflow_hidden_temple
D:3:      layout_rooms, first_ration, chequers_serial_rivers_micro_d
D:4:      minmay_spotlight, layout_loops_corners, ashenzari_altar_1, uniq_robin
D:5:      layout_rooms, nicolae_tso_carved_into_rock,
          minmay_temple_entry_statues_pillars, grunt_dithmenos_smoke
D:6:      layout_basic, gammafunk_temple_overflow_forgotten,
          lightli_ossuary_entry_decrepit_ruins, serial_shops,
          nicolae_shop_crystal, minmay_circle_x
D:7:      layout_loops_ring, enter_bailey_8, basic_altar
Temple:   nicolae_temple_x_marks_the_god
Ossuary:  ossuary_the_hunt_dpeg
Bailey:   bailey_polearm_1, bailey

Skill      XL: |  1  2  3  4  5  6  7  8  9 10 |
---------------+-------------------------------+-----
Dodging        | 4 5 6 7 |  7.2
Short Blades   | 5 6 8 9 10 | 10.9
Armour         | 1 2 3 4 5 |  5.0
Stealth        | 1 2 |  2.7
Fighting       | 3 4 5 6 |  6.8
Spellcasting   | 1 |  1.8
Hexes          | 1 |  1.7
Throwing       | |  2.4

Action                   |  1- 3 |  4- 6 |  7- 9 | 10-12 || total
-------------------------+-------+-------+-------+-------++-------
Melee: Rapier            |    38 |       |       |       ||    38
       Short sword       |    81 |   180 |   189 |       ||   450
       Dagger            |       |       |   400 |    90 ||   490
Throw: Throwing net      |       |     2 |     1 |       ||     3
  Use: Potion            |       |     3 |     6 |       ||     9
       Scroll            |       |       |    15 |     1 ||    16
 Stab: Sleeping          |     1 |       |     2 |       ||     3
       Distracted        |       |       |     2 |       ||     2
  Eat: Chunk             |     9 |     4 |    11 |     2 ||    26
Armor: Leather armour    |     6 |       |       |       ||     6
       Ring mail         |    22 |    33 |    82 |    10 ||   147
       Skin              |       |       |    11 |       ||    11
Dodge: Dodged            |    69 |   130 |   350 |   106 ||   655

Table legend:
 A = Non-vault XP
 B = Vault XP
 C = Vault XP percentage of total XP
 D = Non-vault monster count
 E = Vault monster count
 F = Vault count percentage of total count
                 A         B        C        D         E       F
            +---------+---------+-------+---------+---------+-------
      Total |    3524 |     832 |  19.1 |     137 |      47 |  25.5
            +---------+---------+-------+---------+---------+-------
        D:1 |      28 |       0 |   0.0 |      16 |       0 |   0.0
        D:2 |      15 |       0 |   0.0 |       9 |       0 |   0.0
        D:3 |     123 |       0 |   0.0 |      19 |       0 |   0.0
        D:4 |     961 |     296 |  23.5 |      46 |      19 |  29.2
        D:5 |     582 |       0 |   0.0 |      13 |       0 |   0.0
        D:6 |    1184 |      46 |   3.7 |      23 |       2 |   8.0
        D:7 |     631 |       0 |   0.0 |      11 |       0 |   0.0
    Ossuary |       0 |     324 | 100.0 |       0 |      15 | 100.0
     Bailey |       0 |     166 | 100.0 |       0 |      11 | 100.0
            +---------+---------+-------+---------+---------+-------
